[Event "Titled Tuesday Blitz March 28 Early 2023"]
[White "Wahedi, Ahmad Siar"]
[Black "Zhao, Jun"]
[WhiteFideId "4651260"]
[BlackFideId "8602522"]
[WhiteElo "2468"]
[BlackElo "2547"]
[Result "0-1"]
[Round "03"]
[TimeControl "180+2"]
[Date "2023.03.28"]
[WhiteClock "0:00:53"]
[BlackClock "0:00:19"]

1. e4 c5 2. Nf3 d6 3. d4 cxd4 4. Nxd4 Nf6 5. Nc3 a6 6. Be3 e5 7. Nf3 Be7 8. h3 Qc7 9. g4 h6 10. Qd2 Be6 11. g5 hxg5 12. Nxg5 Nbd7 13. Nxe6 fxe6 14. O-O-O Ng4 15. Kb1 Nxe3 16. Qxe3 O-O-O 17. Be2 Nf6 18. f4 exf4 19. Qxf4 Kb8 20. Qg5 Nxe4 21. Qxg7 Nf2 22. Rhe1 Nxd1 23. Bxd1 Rxh3 24. Rxe6 Bf8 25. Qg2 Rxc3 26. bxc3 Qxc3 27. Qf3 Qc7 28. Qb3 Bg7 29. Bf3 Be5 30. c4 Rf8 31. Bd5 Rf1+ 32. Kc2 Qh7+ 33. Kd2 Qh2+ 34. Kd3 Qg3+ 35. Kd2 Qf2+ 36. Kd3 Qd4+ 37. Ke2 Rf2+ 38. Ke1 Qd2# 0-1


[Site "https://www.chess.com"]

[Event "Titled Tuesday Blitz March 28 Early 2023"]
[White "Matinian, Nikita"]
[Black "Abdilkhair, Abilmansur"]
[WhiteFideId "24129100"]
[BlackFideId "13716417"]
[WhiteElo "2422"]
[BlackElo "2216"]
[Result "1-0"]
[Round "03"]
[TimeControl "180+2"]
[Date "2023.03.28"]
[WhiteClock "0:00:20"]
[BlackClock "0:00:03"]

1. e4 e5 2. Nf3 Nc6 3. Bb5 a6 4. Ba4 Nf6 5. O-O b5 6. Bb3 Be7 7. d3 d6 8. a3 O-O 9. Nc3 Bg4 10. Be3 Na5 11. Ba2 c5 12. h3 Be6 13. Nd5 Bxd5 14. exd5 Nb7 15. b4 a5 16. bxc5 Nxc5 17. Bxc5 dxc5 18. Nxe5 Re8 19. Nc6 Qd6 20. Qf3 Nd7 21. Rab1 b4 22. axb4 axb4 23. Bc4 Bf6 24. Rfe1 Bc3 25. Re3 Ne5 26. Nxe5 Rxe5 27. Rxe5 Bxe5 28. g3 g6 29. Kg2 Ra1 30. Rxa1 Bxa1 31. h4 h5 32. Bb5 Kg7 33. Qe4 Bd4 34. f4 Qc7 35. Bc4 Qd6 36. Qe8 Bf6 37. Qe2 Bd4 38. Qe4 Bf6 39. Qe8 Be7 40. Qc6 Kg8 41. Kf3 Kg7 42. Ba6 Bf8 43. Kf2 Kg8 44. Bc8 Kg7 45. Bh3 Qf6 46. Qxf6+ Kxf6 47. Bd7 Bd6 48. Kf3 Ke7 49. Bb5 Kf6 50. Ke4 Ke7 51. d4 f5+ 52. Kd3 Kf7 53. Bd7 Ke7 54. Bc8 Kd8 55. Be6 Ke7 56. Kc4 cxd4 57. Kxd4 Kf6 58. Kc4 Ke7 59. Kb5 Kf6 60. Kc6 Ke7 61. Bf7 Bxf4 62. gxf4 Kxf7 63. d6 Ke8 64. Kc7 b3 65. d7+ Kf7 66. cxb3 g5 67. fxg5 f4 68. d8=Q f3 69. Qf6+ 1-0


[Site "https://www.chess.com"]

[Event "Titled Tuesday Blitz March 28 Early 2023"]
[White "Deng, Henry"]
[Black "Prohaszka, Peter"]
[WhiteFideId "30965454"]
[BlackFideId "726265"]
[WhiteElo "2463"]
[BlackElo "2626"]
[Result "0-1"]
[Round "03"]
[TimeControl "180+2"]
[Date "2023.03.28"]
[WhiteClock "0:00:07"]
[BlackClock "0:00:18"]

1. e4 c6 2. d4 d5 3. Nd2 dxe4 4. Nxe4 Nf6 5. Nxf6+ exf6 6. c3 g6 7. Bd3 Bg7 8. Ne2 O-O 9. O-O Re8 10. Bf4 Nd7 11. h3 Nb6 12. Re1 Be6 13. Qc2 a5 14. c4 f5 15. Rad1 a4 16. Be3 Bd7 17. b3 Nc8 18. Nc3 axb3 19. axb3 Qh4 20. Ne2 Nd6 21. Qc1 h6 22. Nf4 Ne4 23. Bf1 Ra2 24. Re2 Rxe2 25. Nxe2 g5 26. f3 f4 27. fxe4 fxe3 28. e5 Qf2+ 29. Kh1 g4 30. Rd3 h5 31. Nc3 Bf5 32. Rd1 Bh6 33. Be2 gxh3 34. Rg1 Kh8 35. gxh3 Bxh3 36. Qe1 Bf4 37. Qxf2 exf2 38. Rd1 Rg8 39. Ne4 Bg2# 0-1


[Site "https://www.chess.com"]

[Event "Titled Tuesday Blitz March 28 Early 2023"]
[White "Salman, Pavel"]
[Black "polandchessplayer"]
[WhiteFideId "24153753"]
[WhiteElo "2187"]
[BlackElo "2692"]
[Result "0-1"]
[Round "03"]
[TimeControl "180+2"]
[Date "2023.03.28"]
[WhiteClock "0:00:19"]
[BlackClock "0:00:19"]

1. Nf3 d5 2. g3 Nf6 3. Bg2 g6 4. O-O Bg7 5. d3 O-O 6. Nbd2 c6 7. e4 Bg4 8. h3 Bxf3 9. Qxf3 Nbd7 10. Qe2 e5 11. Re1 d4 12. a4 c5 13. Nc4 Qc7 14. f4 Rae8 15. Qf2 b6 16. Bd2 a6 17. Rf1 b5 18. axb5 axb5 19. Ba5 Qc6 20. Nd2 Ra8 21. Nf3 Ne8 22. Bd2 Rxa1 23. Rxa1 Nd6 24. Ra7 Ra8 25. Rxa8+ Qxa8 26. f5 Qa1+ 27. Kh2 Qxb2 28. Bg5 c4 29. fxg6 hxg6 30. Bf1 f6 31. Qd2 fxg5 32. Qxg5 Nf8 33. Nxe5 Qxc2+ 34. Bg2 Bxe5 35. Qxe5 Nf7 36. Qxd4 Qxd3 37. Qc5 c3 38. e5 Qc4 39. Qe3 c2 40. Qc1 Nxe5 41. Bf1 Nd3 42. Bxd3 Qxd3 43. h4 Qd1 44. Qb2 c1=Q 45. Qa2+ Kg7 46. Qa7+ Nd7 47. Kh3 Qh1+ 48. Kg4 Qcd1+ 49. Kf4 Qhf3+ 50. Kg5 Qf5# 0-1


[Site "https://www.chess.com"]

[Event "Titled Tuesday Blitz March 28 Early 2023"]
[White "Baches Garcia, Guillermo"]
[Black "Hamitevici, Vladimir"]
[WhiteFideId "2209764"]
[BlackFideId "13902393"]
[WhiteElo "2458"]
[BlackElo "2401"]
[Result "0-1"]
[Round "03"]
[TimeControl "180+2"]
[Date "2023.03.28"]
[WhiteClock "0:00:32"]
[BlackClock "0:01:24"]

1. e4 d6 2. d4 Nf6 3. Nc3 e5 4. Nf3 Nbd7 5. Rg1 h5 6. h3 g6 7. g4 hxg4 8. hxg4 Bg7 9. Be3 c6 10. a4 Qa5 11. Qd2 exd4 12. Bxd4 Ne5 13. Nxe5 dxe5 14. Be3 Bxg4 15. Bg5 Rd8 16. Qe3 Bh5 17. Bc4 Rd4 18. Bd3 Qb4 19. f4 Ng4 0-1


[Site "https://www.chess.com"]

[Event "Titled Tuesday Blitz March 28 Early 2023"]
[White "QuiesPrecatio"]
[Black "Subelj, Jan"]
[BlackFideId "14618583"]
[WhiteElo "2456"]
[BlackElo "2474"]
[Result "0-1"]
[Round "03"]
[TimeControl "180+2"]
[Date "2023.03.28"]
[WhiteClock "0:00:10"]
[BlackClock "0:00:42"]

1. Nf3 d6 2. d4 Nf6 3. g3 Bf5 4. Bg2 c6 5. O-O h6 6. Nbd2 Nbd7 7. Re1 e5 8. e4 Bh7 9. dxe5 dxe5 10. Nc4 Qc7 11. a4 Bc5 12. c3 a5 13. Nh4 O-O 14. Be3 Rad8 15. Nf5 Bxf5 16. exf5 Nb6 17. Qe2 Bxe3 18. Nxe3 Rfe8 19. Qc2 e4 20. Rad1 Rxd1 21. Rxd1 Qe5 22. Qb3 Qc5 23. Rd4 Re7 24. h3 Nfd5 25. Nxd5 cxd5 26. Bf1 Qd6 27. Qb5 e3 28. Qd3 exf2+ 29. Kxf2 Qe5 30. Qe2 Qxf5+ 31. Qf3 Qc2+ 32. Be2 Qxb2 33. Kf1 Re6 34. Rg4 Nc4 35. Bxc4 dxc4 36. Re4 Qb1+ 0-1


[Site "https://www.chess.com"]

[Event "Titled Tuesday Blitz March 28 Early 2023"]
[White "Darini, Pouria"]
[Black "Miszler, Levente"]
[WhiteFideId "12502200"]
[BlackFideId "763276"]
[WhiteElo "2482"]
[BlackElo "2176"]
[Result "1-0"]
[Round "03"]
[TimeControl "180+2"]
[Date "2023.03.28"]
[WhiteClock "0:01:38"]
[BlackClock "0:00:48"]

1. c4 c5 2. Nc3 Nc6 3. g3 g6 4. Bg2 Bg7 5. Nf3 e6 6. O-O Nge7 7. d3 d5 8. Bf4 O-O 9. Qc1 Nf5 10. cxd5 exd5 11. e4 dxe4 12. dxe4 Nfd4 13. Nxd4 cxd4 14. Nd5 Bg4 15. f3 Bd7 16. Bc7 Qe8 17. Bd6 Rc8 18. Qf4 Be5 19. Bxe5 Qxe5 20. Nf6+ Kg7 21. Nxd7 Qxf4 22. gxf4 Rfd8 23. Bh3 d3 24. Rad1 Nb4 25. a3 1-0


[Site "https://www.chess.com"]

[Event "Titled Tuesday Blitz March 28 Early 2023"]
[White "Sowul, Bartosz"]
[Black "Kozak, Antoni"]
[WhiteFideId "1137590"]
[BlackFideId "21832030"]
[WhiteElo "2188"]
[BlackElo "2470"]
[Result "0-1"]
[Round "03"]
[TimeControl "180+2"]
[Date "2023.03.28"]
[WhiteClock "0:00:02"]
[BlackClock "0:00:04"]

1. e4 c5 2. Nc3 Nc6 3. Bb5 Nd4 4. Nf3 Nxb5 5. Nxb5 a6 6. Nc3 d6 7. d4 cxd4 8. Qxd4 e6 9. Bg5 Nf6 10. O-O-O Be7 11. e5 dxe5 12. Qxe5 Qb6 13. Ne4 Nxe4 14. Bxe7 Kxe7 15. Qxe4 f6 16. Nd4 Kf7 17. Rhe1 e5 18. Qd5+ Kg6 19. Nf3 Be6 20. Qe4+ Kf7 21. g4 Rad8 22. g5 Qc6 23. Qe3 Rxd1+ 24. Rxd1 Rc8 25. c3 Bg4 26. Rd3 Bxf3 27. Qxf3 Qxf3 28. Rxf3 Ke6 29. gxf6 gxf6 30. Rh3 Rc7 31. Kd2 e4 32. Ke3 Ke5 33. Rh5+ f5 34. f4+ exf3 35. Kxf3 b5 36. Ke3 Rd7 37. Rh6 f4+ 38. Ke2 a5 39. Rh5+ Ke4 40. Rxb5 f3+ 41. Ke1 Rg7 42. Rxa5 Rg1+ 43. Kf2 Rg2+ 44. Kf1 Rxb2 45. Ra7 Rxh2 46. a4 Kd3 47. Rf7 Ke3 48. Re7+ Kd2 49. Rf7 Ke3 50. Re7+ Kf4 51. Rf7+ Kg4 52. a5 h5 53. a6 Ra2 54. Rg7+ Kf4 55. Rf7+ Kg3 56. Rg7+ Kh3 57. a7 h4 58. Rf7 Kg3 59. Rg7+ Kf4 60. Rf7+ Kg4 61. Rg7+ Kh3 62. a8=Q Rxa8 63. Kf2 Rf8 64. c4 Kh2 65. Rg4 h3 66. Rh4 Rf7 67. c5 Rf6 68. Rh5 Rf4 69. c6 Rc4 70. Rh6 Rc3 71. c7 Rxc7 72. Kxf3 Rf7+ 73. Ke2 Kg3 74. Rg6+ Kh4 75. Rh6+ Kg4 76. Ke1 Kg3 77. Rg6+ Kh4 78. Rh6+ Kg4 79. Rg6+ Kh5 80. Rg8 Kh4 81. Rh8+ Kg3 82. Rg8+ Kf3 83. Rh8 Kg2 84. Rg8+ Kh2 85. Ke2 Rf5 86. Ke1 Rf3 87. Ke2 Rg3 88. Rf8 Kh1 89. Kf2 Rg7 0-1


[Site "https://www.chess.com"]

[Event "Titled Tuesday Blitz March 28 Early 2023"]
[White "Shubenkova, Veronika"]
[Black "Kadam, Om Manish"]
[WhiteFideId "44124040"]
[BlackFideId "45076294"]
[WhiteElo "2027"]
[BlackElo "2221"]
[Result "1-0"]
[Round "03"]
[TimeControl "180+2"]
[Date "2023.03.28"]
[WhiteClock "0:01:35"]
[BlackClock "0:01:20"]

1. e4 c5 2. Nc3 a6 3. g3 b5 4. Bg2 Bb7 5. d3 e6 6. f4 Nf6 7. Nf3 b4 8. Ne2 d5 9. e5 Nfd7 10. O-O Nc6 11. c3 Be7 12. d4 bxc3 13. bxc3 cxd4 14. Nexd4 O-O 15. Be3 Rc8 16. Qd2 Na5 17. f5 Nc4 18. Qe2 Nxe3 19. Qxe3 Bc5 20. fxe6 fxe6 21. Ng5 Rxf1+ 22. Rxf1 Nf8 23. Bh3 Qe8 24. Qf4 h6 25. Nf3 Ba7 26. Nh4 Rxc3 27. Qxf8+ Qxf8 28. Bxe6+ Kh7 29. Rxf8 Bxd4+ 30. Kf1 g5 31. Rf7+ Kg8 32. Rxb7+ Kf8 33. Ng6+ 1-0


[Site "https://www.chess.com"]

[Event "Titled Tuesday Blitz March 28 Early 2023"]
[White "Martinez Ramirez, Lennis"]
[Black "ElDivis"]
[WhiteFideId "3509079"]
[WhiteElo "2439"]
[BlackElo "2451"]
[Result "1-0"]
[Round "03"]
[TimeControl "180+2"]
[Date "2023.03.28"]
[WhiteClock "0:00:36"]
[BlackClock "0:00:09"]

1. c4 Nf6 2. d4 g6 3. Nc3 Bg7 4. e4 d6 5. Nf3 O-O 6. h3 e5 7. d5 a5 8. Bd3 Na6 9. g4 Nd7 10. Be3 Ndc5 11. Bb1 c6 12. Rg1 cxd5 13. cxd5 Kh8 14. h4 f5 15. gxf5 gxf5 16. exf5 e4 17. Ng5 Bxf5 18. Bc2 Nb4 19. Bxc5 dxc5 20. Bxe4 Bxe4 21. Ncxe4 Qxd5 22. Qxd5 Nxd5 23. O-O-O Nf4 24. Rg4 h5 25. Rxf4 Rxf4 26. Rd7 Re8 27. f3 Bh6 28. Rh7+ Kg8 29. Rxh6 Kg7 30. Rh7+ Kg6 31. Rxb7 Rxh4 32. Rb6+ Kf5 33. Nd6+ Kxg5 34. Nxe8 Rh1+ 35. Kd2 h4 36. Ke3 Re1+ 37. Kf2 Rxe8 38. Rb5 Re5 39. Rxa5 Rd5 40. b4 Kf4 41. bxc5 Rd2+ 42. Ke1 Rc2 43. Ra4+ Kg3 44. Rg4+ Kxf3 45. Rxh4 Rxc5 46. Kd2 Kg3 47. Rd4 Kf3 48. a4 Kf2 49. Rf4+ Kg3 50. Rb4 Kf3 51. Kd3 Kf2 52. Rb5 Rc1 53. a5 Ra1 54. Re5 Kf3 55. Kc4 Kf4 56. Rh5 Ke4 57. Kb5 Rb1+ 58. Kc6 Rc1+ 59. Rc5 Ra1 60. Kb6 Kd4 61. Rb5 Kc4 62. a6 Rh1 63. Rc5+ Kb4 64. a7 Ra1 65. Rc8 1-0


[Site "https://www.chess.com"]

[Event "Titled Tuesday Blitz March 28 Early 2023"]
[White "Tregubov, Pavel V."]
[Black "Cheng, Xiao"]
[WhiteFideId "4115341"]
[BlackFideId "2022915"]
[WhiteElo "2425"]
[BlackElo "2450"]
[Result "1-0"]
[Round "03"]
[TimeControl "180+2"]
[Date "2023.03.28"]
[WhiteClock "0:00:14"]
[BlackClock "0:00:18"]

1. e4 c5 2. Nf3 e6 3. c3 Nf6 4. e5 Nd5 5. d4 cxd4 6. cxd4 d6 7. Bc4 Nc6 8. O-O Be7 9. Qe2 O-O 10. Rd1 Nb6 11. Bb3 Qc7 12. Nc3 a6 13. Bc2 Nd5 14. Qe4 f5 15. exf6 Nxf6 16. Qe2 Nb4 17. Bb3 Nbd5 18. Bg5 Nxc3 19. bxc3 d5 20. c4 Kh8 21. Rac1 dxc4 22. Bxc4 Qd6 23. Re1 h6 24. Bh4 Nd5 25. Bxe7 Nxe7 26. Bxe6 Nf5 27. d5 Bd7 28. Ne5 Bxe6 29. Ng6+ Kg8 30. dxe6 Rf6 31. Rcd1 Qc6 32. Ne5 Qxe6 33. Nd7 Qf7 34. Nxf6+ Qxf6 35. Qe6+ Qxe6 36. Rxe6 Rc8 37. g4 Nh4 38. Re7 b5 39. h3 Ng6 40. Ra7 Nf4 41. Kh2 Rc2 42. Rdd7 Ne6 43. Rxa6 Rxf2+ 44. Kg3 Rf6 45. Re7 Nd4 46. Rxf6 gxf6 47. Kf4 Kf8 48. Rh7 b4 49. Rb7 Nc2 50. Kf5 Ne3+ 51. Kxf6 Ke8 52. Re7+ Kd8 53. Rxe3 Kd7 54. Kg6 Kd6 55. Kxh6 Kc5 56. g5 Kd4 57. Re8 Kc3 58. g6 Kb2 59. g7 Kxa2 60. g8=Q+ b3 61. Rb8 Ka1 62. Rxb3 Ka2 63. Rb4+ Ka3 64. Qb3# 1-0


[Site "https://www.chess.com"]

[Event "Titled Tuesday Blitz March 28 Early 2023"]
[White "Olsson, William"]
[Black "Kucuksari, Kaan"]
[WhiteFideId "1741721"]
[BlackFideId "6380166"]
[WhiteElo "2197"]
[BlackElo "2364"]
[Result "1/2-1/2"]
[Round "03"]
[TimeControl "180+2"]
[Date "2023.03.28"]
[WhiteClock "0:00:02"]
[BlackClock "0:00:48"]

1. c4 Nf6 2. g3 e5 3. Bg2 Nc6 4. Nc3 Bc5 5. Nf3 O-O 6. O-O d6 7. a3 a5 8. Rb1 Bf5 9. d3 h6 10. Bd2 Re8 11. e4 Bg4 12. h3 Be6 13. Nd5 Bxd5 14. cxd5 Nd4 15. b4 axb4 16. axb4 Bb6 17. Nxd4 Bxd4 18. Qb3 Nd7 19. Bc3 Bb6 20. Rbd1 Qf6 21. Qb2 Ra4 22. Kh2 Rea8 23. f4 Qe7 24. fxe5 Nxe5 25. d4 Nc4 26. Qe2 Na3 27. e5 Qe8 28. e6 f6 29. e7 Nb5 30. Bb2 Ra2 31. Rd2 Rxb2 32. Rxb2 Bxd4 33. Qe6+ Kh8 34. Re2 Be5 35. Re4 Ra3 36. Rxe5 dxe5 37. Rxf6 gxf6 38. Qxf6+ Kg8 39. Qe6+ Kg7 40. Qxe5+ Kf7 41. Qe6+ Kg7 42. Qe5+ Kf7 43. Qe6+ Kg7 44. Qe5+ 1/2-1/2


[Site "https://www.chess.com"]

[Event "Titled Tuesday Blitz March 28 Early 2023"]
[White "Cuenca Jimenez, Jose Fernando"]
[Black "Hindermann, Felix"]
[WhiteFideId "2255570"]
[BlackFideId "1305212"]
[WhiteElo "2429"]
[BlackElo "2206"]
[Result "1-0"]
[Round "03"]
[TimeControl "180+2"]
[Date "2023.03.28"]
[WhiteClock "0:00:05"]
[BlackClock "0:00:02"]

1. c4 b6 2. d4 Bb7 3. Nc3 e6 4. Nf3 Bb4 5. g3 f5 6. Bg2 Nf6 7. Bd2 O-O 8. O-O Qe8 9. e3 Bxc3 10. Bxc3 Ne4 11. Qc2 d6 12. Nd2 Qg6 13. b4 Nd7 14. Rad1 Nxc3 15. Qxc3 Bxg2 16. Kxg2 Nf6 17. f3 Qh5 18. Qd3 g5 19. e4 g4 20. f4 a5 21. b5 Rae8 22. Rfe1 Qg6 23. e5 dxe5 24. dxe5 Rd8 25. Qe3 Nd7 26. Nb3 a4 27. Nd4 Nc5 28. Nc6 Rde8 29. Rd4 h5 30. Red1 h4 31. Nb4 Qh7 32. Nd3 hxg3 33. Qxg3 Ne4 34. Qe3 Re7 35. Nf2 Nxf2 36. Qxf2 Qh3+ 37. Kg1 Qc3 38. Qg3 Qc2 39. R1d2 Qb1+ 40. Kg2 Rh7 41. Qd3 Qe1 42. Qe2 Qb1 43. Qd3 Qe1 44. Qe2 Qb1 45. R4d3 Qb4 46. Rc2 Qc5 47. Rg3 Rd8 48. h3 Rd4 49. hxg4 1-0


[Site "https://www.chess.com"]

[Event "Titled Tuesday Blitz March 28 Early 2023"]
[White "Meissner, Felix"]
[Black "Amilal Munkhdalai"]
[WhiteFideId "24671827"]
[BlackFideId "4903250"]
[WhiteElo "2350"]
[BlackElo "2293"]
[Result "0-1"]
[Round "03"]
[TimeControl "180+2"]
[Date "2023.03.28"]
[WhiteClock "0:00:11"]
[BlackClock "0:00:12"]

1. e4 c5 2. Nf3 Nc6 3. Bb5 e6 4. O-O Nge7 5. Re1 a6 6. Bf1 d5 7. exd5 Nxd5 8. d4 Nf6 9. Be3 cxd4 10. Nxd4 Nxd4 11. Qxd4 Bd6 12. Rd1 Nd5 13. Qxg7 Rf8 14. Nc3 Nxe3 15. fxe3 Qc7 16. Ne4 Be5 17. Nf6+ Ke7 18. Ng8+ Ke8 19. Nf6+ Ke7 20. Ng8+ Rxg8 21. Qxg8 b5 22. Qxh7 Bb7 23. Qh4+ Bf6 24. Qb4+ Ke8 25. Be2 Qxc2 26. Rd2 Qc7 27. Rad1 Qb6 28. Qf4 Be7 29. Bf3 Bxf3 30. Qxf3 Rc8 31. h3 Bg5 32. Rd7 Qxe3+ 33. Qxe3 Bxe3+ 34. Kh2 Rc2 35. Rd8+ Ke7 36. R1d7+ Kf6 37. Ra8 Bf4+ 38. Kg1 Bg3 39. Rd1 Rxb2 40. Rxa6 Kg5 41. Ra8 Bf2+ 42. Kh2 f5 43. Rg8+ Kf4 44. Rd3 Ke4 45. Rb3 Rxa2 46. Rxb5 f4 47. Rb1 e5 48. Rg5 Ra3 49. Rb4+ Kd5 50. Rb5+ Kd4 51. Rb1 Bg3+ 52. Kg1 e4 53. Rg8 e3 54. Rd8+ Ke4 55. Rb4+ Ke5 56. Re8+ Kd5 57. Rb1 Kc4 58. h4 Kd3 59. h5 Ra5 60. h6 Rh5 61. Rb6 Bf2+ 0-1


[Site "https://www.chess.com"]

[Event "Titled Tuesday Blitz March 28 Early 2023"]
[White "Vlassov, Nikolai"]
[Black "Gonzalez, Francisco Silva"]
[WhiteFideId "4103360"]
[BlackFideId "1512285"]
[WhiteElo "2324"]
[BlackElo "2074"]
[Result "1-0"]
[Round "03"]
[TimeControl "180+2"]
[Date "2023.03.28"]
[WhiteClock "0:00:18"]
[BlackClock "0:00:47"]

1. e4 e5 2. Bc4 Nf6 3. d3 Bc5 4. Nf3 Nc6 5. Bg5 d6 6. Nc3 h6 7. Bh4 g5 8. Bg3 h5 9. Nxg5 h4 10. Nxf7 hxg3 11. Nxd8 gxf2+ 12. Kd2 Bg4 13. Qf1 Rxd8 14. Nd5 Nxd5 15. Bxd5 Rf8 16. Bxc6+ bxc6 17. h3 Be6 18. c3 Ke7 19. Kc2 Rf4 20. Qe2 Rdf8 21. Rhf1 Bb6 22. Rad1 d5 23. exd5 cxd5 24. Qxe5 R8f5 25. Qg7+ Rf7 26. Qg5+ Kd6 27. d4 c5 28. Rd2 cxd4 29. cxd4 Bf5+ 30. Kb3 Rxd4 31. Rfxf2 Rxd2 32. Rxd2 d4 33. a4 a5 34. g4 Be6+ 35. Kc2 Rf3 36. Qb5 Bc5 37. Qb8+ Kd7 38. Qb7+ Kd6 39. Qxf3 Bd5 40. Qf4+ Kc6 41. Rxd4 Bg2 42. Rc4 Bd5 43. Rxc5+ Kxc5 44. Kc3 Bg2 45. Qe5+ Kc6 46. Qxa5 Bxh3 47. Kd4 Bxg4 48. Qa6+ Kc7 49. Kc5 Bf3 50. Qd6+ Kb7 51. a5 Bc6 52. Qxc6+ Ka7 53. Qb5 Ka8 54. Kc6 1-0


[Site "https://www.chess.com"]

[Event "Titled Tuesday Blitz March 28 Early 2023"]
[White "Shivakumar, Shawnak"]
[Black "De Silva, L M S T"]
[WhiteFideId "30940192"]
[BlackFideId "9953698"]
[WhiteElo "2089"]
[BlackElo "2403"]
[Result "1-0"]
[Round "03"]
[TimeControl "180+2"]
[Date "2023.03.28"]
[WhiteClock "0:01:49"]
[BlackClock "0:01:18"]

1. e4 e5 2. Nf3 Nc6 3. Bc4 Nf6 4. Ng5 d5 5. exd5 Na5 6. Bb5+ c6 7. dxc6 bxc6 8. Bd3 Ng4 9. Ne4 f5 10. Be2 h5 11. h3 fxe4 12. hxg4 Bc5 13. d4 exd4 14. Nd2 Qe7 15. Rxh5 O-O 16. Rxc5 e3 17. Rxa5 Rxf2 18. Nf3 c5 19. c3 Bxg4 20. Qb3+ Kh8 21. cxd4 Bxf3 22. gxf3 Qh4 23. Bxe3 Rxf3+ 24. Kd2 Rh3 25. Rxc5 Rd8 26. Rh5+ Qxh5 27. Bxh5 Rxh5 28. Qf7 1-0


[Site "https://www.chess.com"]

[Event "Titled Tuesday Blitz March 28 Early 2023"]
[White "Antonica, Dragos-Andrei"]
[Black "Pniaczek, Marek"]
[WhiteFideId "1246372"]
[BlackFideId "21800421"]
[WhiteElo "2285"]
[BlackElo "2138"]
[Result "0-1"]
[Round "03"]
[TimeControl "180+2"]
[Date "2023.03.28"]
[WhiteClock "0:00:02"]
[BlackClock "0:00:06"]

1. d4 Nf6 2. Nc3 d5 3. Bg5 g6 4. Bxf6 exf6 5. e3 f5 6. g3 Bg7 7. Bg2 c6 8. Nge2 O-O 9. O-O Re8 10. Nf4 Nd7 11. Nce2 Nf6 12. c4 dxc4 13. Qc2 Ne4 14. Rfd1 b5 15. Nc3 Nxc3 16. bxc3 Qc7 17. a4 Bb7 18. h4 a6 19. h5 Rad8 20. hxg6 hxg6 21. Bf3 Bh6 22. Ne2 Kg7 23. Kg2 Bg5 24. Qa2 c5 25. d5 Bf6 26. axb5 axb5 27. Qa5 Qxa5 28. Rxa5 b4 29. Rxc5 bxc3 30. Rc1 g5 31. Kg1 Rc8 32. Rb5 Ba6 33. Rb6 Ra8 34. d6 Ra7 35. Nxc3 Bd8 36. Rb2 Bf6 37. Ra2 g4 38. Bc6 Rb8 39. d7 Bxc3 40. Rxc3 Rb1+ 41. Kg2 Bb7 42. Bxb7 Rxa2 43. d8=Q Raa1 44. Qg5+ Kf8 45. Qh6+ Kg8 46. Qg5+ Kf8 47. Qd8+ Kg7 48. Qd4+ Kg8 49. f4 Rb2+ 50. Rc2 Rxc2+ 51. Qd2 Rxd2# 0-1


[Site "https://www.chess.com"]

[Event "Titled Tuesday Blitz March 28 Early 2023"]
[White "wqws"]
[Black "Bas Mas, Jose Joaquin"]
[BlackFideId "22219064"]
[WhiteElo "2656"]
[BlackElo "2233"]
[Result "1-0"]
[Round "03"]
[TimeControl "180+2"]
[Date "2023.03.28"]
[WhiteClock "0:00:07"]
[BlackClock "0:00:29"]

1. e4 e6 2. d4 d5 3. Nd2 Nf6 4. e5 Nfd7 5. Ngf3 c5 6. c3 Nc6 7. Bd3 Qb6 8. O-O cxd4 9. cxd4 Nxd4 10. Nxd4 Qxd4 11. Nf3 Qb6 12. Qe2 a6 13. a3 Be7 14. b4 Qd8 15. Nd4 O-O 16. f4 a5 17. Rf3 axb4 18. Bxh7+ Kxh7 19. Rh3+ Kg8 20. Qh5 f6 21. Nxe6 Qb6+ 22. Be3 Qxe6 23. f5 Qxe5 24. Qh7+ Kf7 25. Qg6+ Kg8 26. Rh7 Qxa1+ 27. Kf2 Qb2+ 28. Kg3 Bd6+ 29. Kh3 Rf7 30. Bh6 Rxa3+ 31. g3 Bf8 32. Qh5 Ne5 33. Bc1 Bxf5+ 34. Qxf5 Qe2 35. Rh4 Rf3 36. Qh7# 1-0


[Site "https://www.chess.com"]

[Event "Titled Tuesday Blitz March 28 Early 2023"]
[White "Aveskulov, Valeriy"]
[Black "Fernandez Garcia, Gumersindo"]
[WhiteFideId "14109743"]
[BlackFideId "24516740"]
[WhiteElo "2552"]
[BlackElo "2093"]
[Result "1-0"]
[Round "03"]
[TimeControl "180+2"]
[Date "2023.03.28"]
[WhiteClock "0:00:22"]
[BlackClock "0:00:13"]

1. e4 Nf6 2. e5 Nd5 3. d4 Nb6 4. Nf3 d6 5. Be2 g6 6. a4 a5 7. O-O Bg7 8. h3 O-O 9. exd6 cxd6 10. Nc3 Nc6 11. Nb5 Bf5 12. c3 d5 13. Bf4 Rc8 14. Qd2 Re8 15. Rfe1 Nc4 16. Bxc4 dxc4 17. Rad1 h5 18. Qc1 Qb6 19. Nd2 Na7 20. Nxa7 Qxa7 21. Be5 Bh6 22. Bg3 Qa6 23. Re2 f6 24. Rde1 Kf7 25. Qd1 Qb6 26. Qa1 Bg5 27. Ne4 Bxe4 28. Rxe4 Rc6 29. Qa3 e6 30. d5 Rc5 31. Rxe6 Rxe6 32. Rxe6 Qa7 33. h4 Bh6 34. Bb8 Qxb8 35. Qxc5 Bf8 36. Qd4 Be7 37. Qe4 Qc7 38. g4 Qd7 39. gxh5 gxh5 40. Qh7+ Kf8 41. Qh8+ Kf7 42. Qxh5+ Kf8 43. Qh6+ Kf7 44. Qh7+ Kf8 45. Qh6+ Kf7 46. Qh5+ Kf8 47. Qf5 Qxa4 48. Rxf6+ Bxf6 49. Qxf6+ Kg8 50. d6 Qd1+ 51. Kh2 b5 52. Qd4 Qxd4 53. cxd4 Kf7 54. d7 Ke7 55. h5 b4 56. h6 c3 57. d8=Q+ Kxd8 58. bxc3 bxc3 59. h7 c2 60. h8=Q+ Kd7 61. Qh7+ 1-0


[Site "https://www.chess.com"]

[Event "Titled Tuesday Blitz March 28 Early 2023"]
[White "Grot, Blazej"]
[Black "Annaberdiyev, Meylis"]
[WhiteFideId "21835845"]
[BlackFideId "14000563"]
[WhiteElo "1823"]
[BlackElo "2416"]
[Result "1-0"]
[Round "03"]
[TimeControl "180+2"]
[Date "2023.03.28"]
[WhiteClock "0:01:13"]
[BlackClock "0:00:23"]

1. e4 c5 2. Nf3 e6 3. d4 cxd4 4. Nxd4 Nc6 5. Nc3 Qc7 6. Be2 a6 7. Be3 Nf6 8. O-O b5 9. Nxc6 dxc6 10. f4 Be7 11. e5 Nd5 12. Nxd5 cxd5 13. c3 Bd7 14. Bd4 Bc5 15. Bxc5 Qxc5+ 16. Qd4 Qxd4+ 17. cxd4 Ke7 18. Rac1 Rhc8 19. Kf2 b4 20. Ke3 Bb5 21. Rxc8 Rxc8 22. Bxb5 axb5 23. Kd3 f5 24. Ra1 h6 25. h4 Kf7 26. a4 bxa3 27. Rxa3 g5 28. Rc3 Rc4 29. hxg5 hxg5 30. b3 Rb4 31. Rc7+ Kg6 32. Kc3 1-0


[Site "https://www.chess.com"]

[Event "Titled Tuesday Blitz March 28 Early 2023"]
[White "Rostomyan, Mikayel"]
[Black "Kopczynski, Michal"]
[WhiteFideId "13313754"]
[BlackFideId "1124200"]
[WhiteElo "2009"]
[BlackElo "2212"]
[Result "1-0"]
[Round "03"]
[TimeControl "180+2"]
[Date "2023.03.28"]
[WhiteClock "0:01:57"]
[BlackClock "0:02:08"]

1. e4 b6 2. d4 Bb7 3. Nc3 e6 4. Bd3 Nf6 5. Qe2 d5 6. Nf3 c5 7. exd5 Nxd5 8. Bb5+ Nc6 9. Nxd5 Qxd5 10. c4 Qh5 11. d5 Be7 12. dxc6 Bc8 13. c7+ Kf8 14. Qe4 1-0


[Site "https://www.chess.com"]

[Event "Titled Tuesday Blitz March 28 Early 2023"]
[White "Thecourseoisildur"]
[Black "Hardaway, Brewington"]
[BlackFideId "30941849"]
[WhiteElo "2431"]
[BlackElo "2159"]
[Result "0-1"]
[Round "03"]
[TimeControl "180+2"]
[Date "2023.03.28"]
[WhiteClock "0:00:02"]
[BlackClock "0:00:15"]

1. e4 e5 2. Nf3 Nc6 3. d4 exd4 4. Nxd4 Bc5 5. Nb3 Bb6 6. Nc3 Nf6 7. Qe2 O-O 8. Bg5 h6 9. Bh4 Re8 10. O-O-O d6 11. f3 Be6 12. g4 Ne5 13. h3 a5 14. f4 Ng6 15. Bg3 a4 16. Nd4 Bd7 17. Bg2 a3 18. b3 Ba5 19. Rd3 c6 20. Nf5 Bxf5 21. gxf5 Ne7 22. Bh4 Nxf5 23. Be1 d5 24. e5 Nd7 25. Qg4 g6 26. Rg1 h5 27. Qd1 Nc5 28. Rf3 Ne6 29. Bf1 Bb6 0-1


[Site "https://www.chess.com"]